 Dungeon Crawl Stone Soup version 0.31-a0-1134-gb247575 (webtiles) character file.

Game seed: 17329366594995345760

1432 PidgeyThePirate the Insei (level 8, -6/51 HPs)
             Began as an Octopode Shapeshifter on Dec 5, 2023.
             Was an Initiate of Ru.
             Mangled by an ice beast (13 damage)
             ... on level 5 of the Dungeon.
             The game lasted 00:12:16 (4488 turns).

PidgeyThePirate the Insei (Octopode Shapeshifter)   Turns: 4488, Time: 00:12:18

Health: -6/51      AC:  3    Str: 13    XL:     8   Next: 73%
Magic:  7/7        EV: 14    Int: 12    God:    Ru [......]
Gold:   337        SH:  5    Dex: 14    Spells: 7/7 levels left

rFire   . .          .
                       - Unarmed
rCold   . . .        (no shield)
rNeg    . . .        (helmet currently unavailable)
rPois   .            e - amulet of reflection
rElec   .            (no ring)
rCorr   .            (no ring)
SInv    .            (no ring)
Will    .....        (no ring)
Stlth   ++++         (no ring)
HPRegen 0.28/turn    (no ring)
MPRegen 0.10/turn    (no ring)
                     (no ring)

%: reflection
@: beast-form
A: beast (slay +3), almost no armour, amphibious, 8 rings, camouflage 1,
gelatinous body 1, (nimble swimmer 1), tentacles, iridescent scales 1,
deterioration 1, low MP 1, subdued magic 1
a: Begin Untransformation, Renounce Religion


You were on level 5 of the Dungeon.
You worshipped Ru.
Ru was noncommittal.
You were a hulking beast.
You visited 2 branches of the dungeon, and saw 6 of its levels.

You collected 337 gold pieces.

Inventory:

Armour
 o - a +2 helmet
Jewellery
 e - an amulet of reflection (around mantle)
Talismans
 b - a beast talisman
 c - a flux talisman
Wands
 a - a wand of iceblast (1)
 l - a wand of flame (14)
Scrolls
 d - 3 scrolls of immolation {unknown}
 g - 7 scrolls of identify {unknown}
 i - 3 scrolls of teleportation {unknown}
 j - 4 scrolls of revelation {unknown}
 k - 2 scrolls of enchant armour {unknown}
 m - a scroll of amnesia {unknown}
 n - a scroll of fear {unknown}
 r - a scroll of poison {unknown}
 s - a scroll of blinking {unknown}
Potions
 f - a potion of curing
 h - 2 potions of ambrosia {unknown}
 p - a potion of lignification
 q - a potion of heal wounds


   Skills:
 + Level 2.8 Fighting
 + Level 3.8 Dodging
 + Level 6.4 Stealth
 + Level 2.1 Shields
 + Level 6.8 Unarmed Combat
 * Level 5.5 Shapeshifting


You had 7 spell levels left.
You didn't know any spells.
Your spell library contained the following spells:

 Spells                   Type           Power      Damage    Failure   Level
 Blink                    Tloc           0%         N/A       41%         2
 Ensorcelled Hibernation  Hex/Ice        0%         N/A       41%         2
 Jinxbite                 Hex            0%         N/A       41%         2
 Lesser Beckoning         Tloc           0%         N/A       41%         2
 Momentum Strike          Conj/Tloc      0%         3d8       41%         2
 Anguish                  Hex/Necr       0%         N/A       96%         4
 Conjure Ball Lightning   Conj/Air       0%         3x3d6     100%        6
 Discord                  Hex            0%         N/A       100%        8
 Disjunction              Tloc           0%         N/A       100%        8


Dungeon Overview and Level Annotations

Branches:
Dungeon (5/15)             Temple (1/1) D:4

Altars:
Cheibriados
Dithmenos
Elyvilon
Fedhas
Hepliaklqana
Kikubaaqudgha
Makhleb
Nemelex Xobeh
Okawaru
Qazlal
Ru
Trog
Uskayaw
Wu Jian
Xom
Zin

Portals:
Ossuary: D:5


Innate Abilities, Weirdness & Mutations

You are a hulking beast.
Your limbs bulge with bestial killing power. (Slay +3)
You cannot wear most types of armour.
You are amphibious.
You can wear up to eight rings at the same time.
Your skin changes colour to match your surroundings (Stealth+).
Your rubbery body absorbs attacks. (AC +1, EV +1)
((You are camouflaged when in or above water. (Stealth+)))
You have tentacles for arms and can constrict up to eight enemies at once.
You are partially covered in iridescent scales. (AC +2)
Your body sometimes deteriorates upon taking damage.
Your magical capacity is low. (-10% MP)
Your spells are a little easier to cast, but a little less powerful.


Message History

The jackal attacks as it pursues you! The jackal misses you.
The jackal attacks as it pursues you! You block the jackal's attack.
The jackal barely misses you.
You open the door.
The jackal bites you but does no damage.
Found a sand-covered staircase.
There is an open door here.
The jackal misses you.
You tentacle-slap the jackal.
You kill the jackal!
You tentacle-slap the ice beast. You squeeze the ice beast!
The ice beast is heavily wounded.
The ice beast misses you.
You tentacle-slap the ice beast but do no damage.
Your squeeze misses the ice beast.
The ice beast is heavily wounded.
The ice beast barely misses you.
You closely miss the ice beast.
The ice beast is heavily wounded.
The ice beast hits you. The ice beast freezes you!
You bludgeon the ice beast!
Your tentacle-slap misses the ice beast.
Your squeeze misses the ice beast.
The ice beast is almost dead.
The ice beast closely misses you.
You tentacle-slap the ice beast but do no damage.
Your squeeze misses the ice beast.
The ice beast is almost dead.
You completely miss the ice beast.
Your tentacle-slap misses the ice beast.
The ice beast is almost dead.
The ice beast hits you. The ice beast freezes you!
* * * LOW HITPOINT WARNING * * *
You tentacle-slap the ice beast but do no damage.
You squeeze the ice beast, but do no damage.
The ice beast is almost dead.
The ice beast hits you.
* * * LOW HITPOINT WARNING * * *
The ice beast freezes you!
You die...

## ####.#.######## ###
#.........J...#### ... ###
#....#..##Y##....##.# ..# #..
..# #.h.###J....# #.#
#.##..#..^....#.#.#.#
#)#...#8.8.8^8#Y..#.#..
#######.#...#.^.^..^#J###.#..
...#....)...#8^8.8.8#........
...#.##.#...#...^..^#........
........#...###.∩.###........
........#..#..#####..........
........####...........####..


You could see an ice beast and a jelly.

Vanquished Creatures
  Pikel (D:4)
  Sigmund (D:4)
  Duvessa (D:5)
  4 scorpions
  Dowan (D:5)
  3 hounds (D:5)
  An orc priest (D:5)
  A sleepcap (D:4)
  An iguana (D:3)
  Natasha (thrice) (D:3)
  3 orc wizards
  2 adders
  A white imp (D:5)
  4 worms
  2 dart slugs (D:3)
  10 orcs
  4 endoplasms
  2 giant cockroaches
  5 goblins
  6 hobgoblins
  7 jackals
  2 quokkas
  7 ball pythons
  6 bats
  7 frilled lizards
  4 kobolds
  4 rats
93 creatures vanquished.

Notes
Turn   | Place    | Note
-------+----------+-------------------------------------------
     0 | D:1      | PidgeyThePirate the Octopode Shapeshifter began the quest
                  | for the Orb.
     0 | D:1      | Reached XP level 1. HP: 13/13 MP: 1/1
   493 | D:1      | Reached XP level 2. HP: 18/18 MP: 2/2
   496 | D:1      | Reached skill level 1 in Stealth
   827 | D:1      | Found a faded altar of an unknown god.
   969 | D:2      | Reached XP level 3. HP: 23/23 MP: 3/3
  1915 | D:3      | Noticed a scorpion
  1922 | D:3      | Killed a scorpion
  1923 | D:3      | Reached XP level 4. HP: 25/28 MP: 4/4
  2027 | D:3      | Reached XP level 5. HP: 15/33 MP: 5/5
  2579 | D:4      | Noticed Natasha
  2595 | D:3      | Killed Natasha
  2805 | D:3      | Noticed Natasha
  2809 | D:3      | Killed Natasha
  3045 | D:3      | Noticed Natasha
  3052 | D:3      | Killed Natasha
  3053 | D:3      | Reached XP level 6. HP: 37/38 MP: 6/6
  3136 | D:4      | Noticed Sigmund
  3151 | D:4      | Killed Sigmund
  3174 | D:4      | Reached skill level 1 in Shields
  3236 | D:4      | Reached XP level 7. HP: 30/44 MP: 7/7
  3520 | D:4      | Reached skill level 5 in Stealth
  3520 | D:4      | Reached skill level 5 in Unarmed Combat
  3545 | D:4      | Noticed Pikel
  3562 | D:4      | Gained mutation: Your body sometimes deteriorates upon
                  | taking damage. [potion of mutation]
  3562 | D:4      | Gained mutation: You have hidden genetic defects. [potion
                  | of mutation]
  3562 | D:4      | Gained mutation: You are partially covered in iridescent
                  | scales. (AC +2) [potion of mutation]
  3567 | D:4      | Killed Pikel
  3568 | D:4      | Reached skill level 5 in Shapeshifting
  3568 | D:4      | Reached XP level 8. HP: 15/51 MP: 8/8
  3568 | D:4      | Gained mutation: Your magical capacity is low. (-10% MP)
                  | [hidden defects]
  3947 | D:4      | Found a staircase to the Ecumenical Temple.
  3992 | Temple   | Entered the Ecumenical Temple
  4040 | Temple   | Became a worshipper of Ru the Awakened
  4083 | D:5      | Entered Level 5 of the Dungeon
  4221 | D:5      | Gained mutation: Your spells are a little easier to cast,
                  | but a little less powerful. [hidden defects]
  4221 | D:5      | Lost mutation: You have hidden genetic defects. [hidden
                  | defects expressed]
  4392 | D:5      | Noticed Duvessa
  4395 | D:5      | Noticed Dowan
  4402 | D:5      | Killed Duvessa
  4409 | D:5      | Killed Dowan
  4479 | D:5      | Found a sand-covered staircase.
  4488 | D:5      | Mangled by an ice beast

Illustrated notes

Levels and vault maps discovered:
D:1:      minmay_arrival_solitary_statue, layout_basic,
          shapermc_ecumenical_altar_hornbeckon
D:2:      layout_basic, minmay_misc_feat_ornament
D:3:      layout_loops_ring, nicolae_twisty_statue_hallways
D:4:      layout_cave_pools, minmay_temple_entry_drinking_statues,
          serial_bayou_lagoon_b, uniq_natasha, uniq_sigmund, uniq_pikel
D:5:      layout_basic, mainiacjoe_ossuary_entry_dusty_tomb, uniq_duvessa
Temple:   nicolae_temple_slightly_damp_pantheon

Skill      XL: |  1  2  3  4  5  6  7  8 |
---------------+-------------------------+-----
Stealth        | 1 3 4 5 6 |  6.4
Shapeshifting  | 4 5 |  5.5
Unarmed Combat | 4 6 |  6.8
Shields        | 1 2 |  2.1
Fighting       | 2 |  2.8
Dodging        | 3 |  3.8

Action                     |  1- 3 |  4- 6 |  7- 9 || total
---------------------------+-------+-------+-------++-------
  Melee: Unarmed           |    61 |    65 |    77 ||   203
         Constrict         |    14 |    11 |    22 ||    47
         Tentacles         |     9 |    16 |    21 ||    46
         Punch             |     1 |     2 |     1 ||     4
    Use: Potion            |       |     2 |     6 ||     8
   Stab: Sleeping          |    12 |     4 |     4 ||    20
         Distracted        |       |       |     1 ||     1
 Armour: Skin              |    13 |    30 |    41 ||    84
  Dodge: Dodged            |    30 |    26 |    59 ||   115
  Block: Other             |     7 |    12 |    20 ||    39

Table legend: (Time is in decaauts)
 A = Elapsed time spent in this place.
 B = Non-inter-level travel time spent in this place.
 C = Inter-level travel time spent in this place.
 D = Time resting spent in this place.
 E = Time spent auto-exploring this place.
 F = Levels seen in this place.
 G = Mean time per level.
                   A        B        C        D        E       F      G
               +--------+--------+--------+--------+--------+-----+--------+
         Total |   4483 |   3844 |    639 |    100 |   2760 |   6 |  747.2 |
       Dungeon |   4411 |   3842 |    569 |    100 |   2760 |   5 |  882.2 |
        Temple |     72 |      2 |     70 |      0 |      0 |   1 |   72.0 |
               +--------+--------+--------+--------+--------+-----+--------+

Top non-repeatable levels by time:
     D:3: 1376 daAuts
     D:4: 930 daAuts
     D:1: 897 daAuts
     D:2: 807 daAuts
     D:5: 398 daAuts
  Temple: 72 daAuts
